 Dungeon Crawl Stone Soup version 0.29.1-15-g9cfb28693d (webtiles) character file.

Game seed: 13040446734965415333

67 protoss039 the Digger (level 4, 33/33 HPs)
             Began as a Demonspawn Earth Elementalist on Mar 3, 2023.
             Got out of the dungeon alive.
             The game lasted 00:02:23 (2216 turns).

protoss039 the Digger (DsEE)                        Turns: 2216, Time: 00:02:24

Health: 33/33      AC:  6    Str:  8    XL:     4   Next: 0%
Magic:  8/8        EV: 10    Int: 18    God:
Gold:   173        SH:  0    Dex: 14    Spells: 5/8 levels left

rFire   + . .      SeeInvis .   a - +0 hand axe
rCold   . . .      Faith    .   (no shield)
rNeg    . . .      Spirit   .   f - +0 ring mail
rPois   .          Reflect  .   (no helmet)
rElec   .          Harm     .   (no cloak)
rCorr   .          Rampage  .   k - +0 pair of gloves
Will    .....                   (no boots)
Stlth   +.........              (no amulet)
HPRegen 0.11/turn               h - ring of protection from fire
MPRegen 0.22/turn               (no ring)

@: no status effects
A: ignite blood 1, magic regeneration
a: no special abilities


You escaped.
You visited 1 branch of the dungeon, and saw 2 of its levels.

You collected 173 gold pieces.

Inventory:

Hand Weapons
 a - a +0 hand axe (weapon)
Armour
 f - a +0 ring mail (worn)
 k - a +0 pair of gloves (worn)
Jewellery
 h - a ring of protection from fire (left hand)
Scrolls
 c - a scroll of enchant armour {unknown}
 d - a scroll of identify {unknown}
 g - a scroll of magic mapping {unknown}
 i - a scroll of fog {unknown}
 m - a scroll of noise {unknown}
 p - a scroll of teleportation {unknown}
Potions
 b - a potion of magic
 e - a potion of attraction {unknown}
 j - a potion of invisibility {unknown}
 l - a potion of might {unknown}
 n - a potion of curing {unknown}
 o - a potion of degeneration {unknown}


   Skills:
 + Level 1.9 Fighting
 - Level 1.7 Dodging
 - Level 1.7 Stealth
 + Level 2.8 Spellcasting
 - Level 0.8 Transmutations
 + Level 3.3 Earth Magic


You had 5 spell levels left.
You knew the following spells:

 Your Spells              Type           Power      Damage    Failure   Level
a - Sandblast             Erth           28%        2d8       13%         1
b - Passwall              Tmut/Erth      8%         N/A       32%         2

Your spell library contained the following spells:

 Spells                   Type           Power      Damage    Failure   Level
 Stone Arrow              Conj/Erth      16%        3d8       61%         3
 Petrify                  Tmut/Erth      10%        N/A       91%         4


Dungeon Overview and Level Annotations

Branches:
Dungeon (2/15) Zot: 9752

Altars:


Innate Abilities, Weirdness & Mutations

Your demonic aura sometimes causes spilled blood to erupt in flames.
You regenerate magic rapidly.


Message History

Aiming: Sandblast (safe; 13% risk of failure)
Press: ? - help, Shift-Dir - straight line, f - frilled lizard
Aim: a frilled lizard (70% to hit)
You miscast Sandblast.
You are very lightly contaminated with residual magic.
Nothing appears to happen.
Unknown command.
Casting: Sandblast (safe; 13% risk of failure)
Confirm with . or Enter, or press ? or * to list all spells.
Aiming: Sandblast (safe; 13% risk of failure)
Press: ? - help, Shift-Dir - straight line, f/p - frilled lizard
Aim: a frilled lizard (70% to hit)
The blast of sand hits the frilled lizard.
You kill the frilled lizard!
Unknown command.
Your magical contamination has completely faded away.
Found a stone staircase leading up.
Found two stone staircases leading down.
A hobgoblin comes into view.
A hobgoblin is nearby!
A hobgoblin is nearby!
Casting: Sandblast (safe; 13% risk of failure)
Confirm with . or Enter, or press ? or * to list all spells.
Aiming: Sandblast (safe; 13% risk of failure)
Press: ? - help, Shift-Dir - straight line, f - hobgoblin
Aim: a hobgoblin (82% to hit)
The blast of sand hits the hobgoblin.
You kill the hobgoblin!
You have reached level 4!
You feel agile.
Your demonic ancestry asserts itself...
Your magic begins to regenerate rapidly.
You see here a hobgoblin corpse.
There is a stone staircase leading up here.
You climb upwards.
There is a stone staircase leading down here.
You open the door.
There is an open door here.
There is a staircase leading out of the dungeon here.
Are you sure you want to leave the Dungeon?
This will make you lose the game!
You have escaped!

^^..# #### ^...## ######
###..######## .....###
##....###...........#
###....###................##.#
##......................##.#
###...................###.#
####..............### #.#
##............## #.#
####...@..#### #.# ##...###
#.#### ##### #.#... ########
### #.#... #......#######.#
#.#...
#......##...##.######.#...
#......#.......##.........
#...............+......### ###
#......#.....#.##.........


There were no monsters in sight!

Vanquished Creatures
  3 adders (D:2)
  A worm (D:2)
  2 dart slugs
  2 ball pythons (D:1)
  4 endoplasms
  2 giant cockroaches
  A goblin (D:2)
  4 hobgoblins
  2 kobolds (D:1)
  3 quokkas (D:1)
  3 bats
  3 frilled lizards (D:2)
  3 rats (D:1)
33 creatures vanquished.

Notes
Turn   | Place    | Note
-------+----------+-------------------------------------------
     0 | D:1      | protoss039 the Demonspawn Earth Elementalist began the
                  | quest for the Orb.
     0 | D:1      | Reached XP level 1. HP: 13/13 MP: 3/3
   262 | D:1      | Gained mutation: Your demonic aura sometimes causes spilled
                  | blood to erupt in flames. [demonic ancestry]
   262 | D:1      | Reached XP level 2. HP: 20/20 MP: 3/5
   553 | D:1      | Reached skill level 1 in Fighting
   553 | D:1      | Reached skill level 3 in Earth Magic
  1355 | D:1      | Learned a level 2 spell: Passwall
  1548 | D:2      | Reached XP level 3. HP: 26/26 MP: 6/6
  2150 | D:2      | Gained mutation: You regenerate magic rapidly. [demonic
                  | ancestry]
  2150 | D:2      | Reached XP level 4. HP: 33/33 MP: 6/8
  2216 | D:$      | Got out of the dungeon alive.

Illustrated notes

Levels and vault maps discovered:
D:1:      evilmike_arrival_grusome_pit, layout_basic, minmay_hedge_maze,
          minmay_misc_feat_square
D:2:      layout_loops_cross, nicolae_concentric_dashed_squares_wild,
          minmay_misc_feat_iff

Skill      XL: |  1  2 |
---------------+-------+-----
Fighting       | 1 |  1.9
Earth Magic    | 3 |  3.3
Dodging        | |  1.7
Stealth        | |  1.7
Spellcasting   | |  2.8
Transmutations | |  0.8

Action                   |  1- 3 |  4- 6 || total
-------------------------+-------+-------++-------
Melee: Unarmed           |     1 |       ||     1
       Hand axe          |    38 |       ||    38
       Punch             |     1 |       ||     1
 Cast: Sandblast         |    41 |       ||    41
 Stab: Sleeping          |     2 |       ||     2
Armor: Robe              |     1 |       ||     1
       Ring mail         |    23 |       ||    23
Dodge: Dodged            |    28 |       ||    28
